 Seeded DCSS version 0.30.0-19-g36f170ea60 (webtiles) character file.

Game seed: 5 (custom seed)

11879 Kazon the Covert (level 11, -7/72 HPs)
             Began as an Octopode Brigand on May 26, 2023.
             Was an Elder of Okawaru.
             Killed from afar by a steam dragon (22 damage)
             ... with a ball of steam
             ... on level 2 of the Lair of Beasts.
             The game lasted 00:47:37 (7044 turns).

Kazon the Covert (Octopode Brigand)                 Turns: 7044, Time: 00:47:38

Health: -7/72      AC:  5    Str: 15    XL:     11   Next: 84%
Magic:  0/25       EV: 19    Int: 13    God:    Okawaru [****..]
Gold:   355        SH: 19    Dex: 20    Spells: 10/10 levels left

rFire   . . .        e - +2 dagger (vamp)
rCold   . . .        c - +0 tower shield
rNeg    . . .        d - +0 hat of Toocs {rPois Str+3 Dex-3}
rPois   +            w - amulet of guardian spirit
rElec   .            n - ring of magical power
rCorr   .            k - +6 ring of dexterity
SInv    .            g - +4 ring of protection
Will    .....        (no ring)
Stlth   ++++++++     (no ring)
HPRegen 0.32/turn    (no ring)
MPRegen 0.19/turn    (no ring)
                     (no ring)

%: guardian spirit
@: heroic
A: almost no armour, amphibious, 8 rings, camouflage 1, gelatinous body 1,
(nimble swimmer 1), tentacles
a: Renounce Religion, Heroism, Finesse


You were on level 2 of the Lair of Beasts.
You worshipped Okawaru.
Okawaru was greatly pleased with you.
You visited 3 branches of the dungeon, and saw 11 of its levels.
You also visited: Ossuary.

You collected 584 gold pieces.
You spent 229 gold pieces at shops.

Inventory:

Hand Weapons
 a - a +4 short sword
 e - a +2 vampiric dagger (weapon)
Missiles
 b - 17 poisoned darts (quivered)
 f - 14 boomerangs
 i - 5 curare-tipped darts
 o - a stone
 I - 2 throwing nets
 K - 4 javelins
Armour
 c - a +0 tower shield (worn)
 d - the +0 hat of Toocs (worn) {rPois Str+3 Dex-3}
   (You acquired it on level 1 of the Dungeon)

   Str:       It affects your strength (+3).
   Dex:       It affects your dexterity (-3).
   rPois:     It protects you from poison.
Jewellery
 g - a +4 ring of protection (on tentacle)
 k - a +6 ring of dexterity (right tentacle)
 n - a ring of magical power (left tentacle)
 w - an amulet of guardian spirit (around mantle)
Wands
 s - a wand of paralysis (12)
 A - a wand of light (7)
 G - a wand of digging (7)
Scrolls
 m - a scroll of magic mapping
 t - 2 scrolls of teleportation
 u - a scroll of amnesia {unknown}
 y - a scroll of poison {unknown}
 z - 2 scrolls of enchant armour {unknown}
 B - 2 scrolls of fear {unknown}
 E - a scroll of enchant weapon {unknown}
 J - a scroll of blinking
 L - a scroll of fog
Potions
 h - 5 potions of curing
 j - a potion of resistance
 l - 4 potions of heal wounds
 p - 5 potions of flight
 q - 2 potions of berserk rage {unknown}
 r - 2 potions of invisibility {unknown}
 v - a potion of lignification {unknown}
 x - 4 potions of attraction {unknown}
 C - 3 potions of brilliance {unknown}
 D - a potion of haste {unknown}
 F - a potion of degeneration {unknown}
 H - a potion of cancellation {unknown}


   Skills:
 * Level 6.0(11.0) Fighting
 * Level 7.7(12.7) Short Blades
 * Level 6.8(11.8) Throwing
 * Level 6.8(11.8) Dodging
 - Level 11.5(16.5) Stealth
 * Level 7.5(12.5) Shields
 * Level 7.2 Invocations
 + Level 4.1 Evocations


You had 10 spell levels left.
You didn't know any spells.
Your spell library contained the following spells:

 Spells                   Type           Power      Damage    Failure   Level
 Frozen Ramparts          Ice            0%         1d1       99%         3
 Ignite Poison            Fire/Tmut/Pois 0%         N/A       99%         3
 Ice Form                 Ice/Tmut       0%         N/A       100%        4
 Leda's Liquefaction      Hex/Erth       0%         N/A       100%        4
 Sticky Flame             Conj/Fire      0%         2d3       100%        4
 Lee's Rapid Deconstruct  Erth           0%         3d4*      100%        5
 Eringya's Noxious Bog    Tmut/Pois      0%         N/A       100%        6
 Statue Form              Tmut/Erth      0%         N/A       100%        6
 Ignition                 Fire           0%         3d3       100%        8
 Summon Ice Beast         Ice/Summ       Unusable   N/A       N/A         4
 Summon Forest            Summ/Tloc      Unusable   N/A       N/A         5
 Summon Hydra             Summ           Unusable   N/A       N/A         7

Dungeon Overview and Level Annotations

Branches:
Dungeon (8/15)             Temple (1/1) D:4            Lair (2/5) D:8
Ossuary (visited)
  Swamp: Lair:2-3    Shoals: Lair:2-3     Snake: Lair:2-3    Spider: Lair:2-3

Altars:
Dithmenos
Fedhas
Gozag
Hepliaklqana
Okawaru
Qazlal
Trog
Uskayaw
Wu Jian
Xom
The Shining One

Shops:
D:8 *


Innate Abilities, Weirdness & Mutations

You cannot wear most types of armour.
You are amphibious.
You can wear up to eight rings at the same time.
Your skin changes colour to match your surroundings (Stealth+).
Your rubbery body absorbs attacks. (AC +1, EV +1)
((You are camouflaged when in or above water. (Stealth+)))
You have tentacles for arms and can constrict up to eight enemies at once.


Message History

The wolf is engulfed in a cloud of scalding steam.
The wolf dies!
You block the wolf's attack. The steam dragon bites you!
* * * LOW HITPOINT WARNING * * *
The steam dragon claws you but does no damage.
The wolf closely misses you.
You gain the combat prowess of a mighty hero.
You can no longer enter into single combat with a foe.
Okawaru will no longer gift you equipment.
You constrict the wolf.
You kill the wolf!
Okawaru accepts your kill. You block the wolf's attack.
You block the steam dragon's attack. x2
You hit the steam dragon.
You feel better.
The steam dragon is moderately wounded.
The wolf closely misses you. You block the steam dragon's attack. x2
The wolf misses you.
You barely miss the steam dragon. You squeeze the steam dragon!
The steam dragon is heavily wounded.
You block the wolf's attack.
You hit the steam dragon.
The steam dragon is severely wounded.
The steam dragon breathes steam at you. The ball of steam misses you.
The wolf barely misses you.
You hit the steam dragon.
You feel better.
Your tentacle-slap misses the steam dragon.
The steam dragon is severely wounded.
You are engulfed in a cloud of scalding steam.
* * * LOW HITPOINT WARNING * * *
You block the wolf's attack. You block the steam dragon's attack.
The steam dragon misses you.
You hit the steam dragon.
The steam dragon is almost dead.
You are engulfed in a cloud of scalding steam.
* * * LOW HITPOINT WARNING * * *
The wolf is engulfed in a cloud of scalding steam.
You block the wolf's attack. The steam dragon breathes steam at you.
The ball of steam hits you!!
You die...

............
#..........#
#..........!
###...........
##PP...........
...............
......§§§§...§.
#..D@.§§....
#..h§§§...§.
########.##. #


You could see a steam dragon (catching breath) and a wolf.

Vanquished Creatures
  A two-headed ogre (D:7)
  2 cane toads (Lair:1)
  2 polar bears (D:8)
  4 blink frogs (Lair:1)
  Sigmund (D:4)
  3 wyverns
  14 yaks
  3 basilisks
  A steam dragon (D:8)
  Duvessa (D:6)
  7 water moccasins
  An ice beast (D:8)
  5 black bears
  A sky beast (D:7)
  2 centaurs
  2 ogres
  17 wolves
  An elf zombie (Ossuary)
  A kobold brigand (D:7)
  5 bullfrogs
  A gnoll sergeant (D:8)
  3 scorpions
  15 wights
  4 killer bees (D:7)
  Dowan (D:6)
  A howler monkey (D:6)
  A vampire bat (D:7)
  An electric eel (D:8)
  6 hounds
  A wyvern simulacrum (D:8)
  A centaur zombie (Ossuary)
  3 human zombies (Ossuary)
  3 orc priests (D:6)
  A jelly (D:5)
  6 iguanas
  8 orc wizards
  4 ogre zombies (Ossuary)
  A centaur simulacrum (D:8)
  7 mummies (Ossuary)
  11 gnolls
  9 adders
  A shadow imp (D:8)
  A white imp (D:7)
  2 ufetubi
  A worm zombie (D:7)
  2 adder zombies (Ossuary)
  3 worms
  19 orcs
  11 bats
  9 endoplasms
  A giant cockroach (D:1)
  12 goblins
  7 hobgoblins
  11 jackals
  10 kobolds
  3 quokkas (D:4)
  6 ball pythons
  3 frilled lizards
  4 goblin zombies (Ossuary)
  6 hobgoblin zombies
  3 kobold zombies
  4 quokka zombies (Ossuary)
  4 rats
  4 rat zombies (Ossuary)
289 creatures vanquished.

Vanquished Creatures (others)
  A wolf (Lair:2)
1 creature vanquished.

Grand Total: 290 creatures vanquished

Notes
Turn   | Place    | Note
-------+----------+-------------------------------------------
     0 | D:1      | Kazon the Octopode Brigand began the quest for the Orb.
     0 | D:1      | Reached XP level 1. HP: 14/14 MP: 1/1
    42 | D:1      | Identified a scroll of acquirement
    42 | D:1      | Acquired the +0 hat of Toocs {rPois Str+3 Dex-3}
    64 | D:1      | Reached XP level 2. HP: 17/19 MP: 2/2
   277 | D:1      | Reached XP level 3. HP: 24/24 MP: 3/3
   863 | D:2      | Reached skill level 6 in Stealth
   868 | D:2      | Reached XP level 4. HP: 19/29 MP: 4/4
  1579 | D:3      | Found a blossoming altar of Fedhas.
  1672 | D:3      | Reached XP level 5. HP: 35/35 MP: 5/5
  1756 | D:3      | Identified the +2 sling "Qeuhanocyt" {speed, rElec Str-3
                  | Dex+2}
  1773 | D:3      | Found a faded altar of an unknown god.
  1879 | D:3      | Found a stormy altar of Qazlal.
  2058 | D:4      | Found a staircase to the Ecumenical Temple.
  2066 | Temple   | Entered the Ecumenical Temple
  2079 | Temple   | Became a worshipper of Warmaster Okawaru
  2163 | D:4      | Reached skill level 7 in Stealth
  2164 | D:4      | Noticed a black bear
  2171 | D:4      | Killed a black bear
  2172 | D:4      | Reached skill level 1 in Shields
  2172 | D:4      | Reached skill level 1 in Invocations
  2172 | D:4      | Reached XP level 6. HP: 41/41 MP: 6/6
  2647 | D:4      | Noticed Sigmund
  2650 | D:4      | Killed Sigmund
  2650 | D:4      | Reached * piety under Okawaru
  2651 | D:4      | Reached skill level 8 in Stealth
  2651 | D:4      | Reached XP level 7. HP: 45/45 MP: 8/8
  2719 | D:4      | Found a hazy altar of Hepliaklqana.
  2722 | D:4      | Found a shadowy altar of Dithmenos.
  2722 | D:4      | Noticed a shadow
  2748 | D:5      | Entered Level 5 of the Dungeon
  2784 | D:5      | Reached skill level 9 in Stealth
  2847 | D:5      | Reached skill level 1 in Evocations
  2927 | D:5      | Reached XP level 8. HP: 51/51 MP: 10/10
  3114 | D:5      | Reached ** piety under Okawaru
  3180 | D:6      | Noticed Dowan
  3182 | D:6      | Noticed Duvessa
  3189 | D:6      | Killed Duvessa
  3192 | D:6      | Killed Dowan
  3370 | D:6      | Found a shimmering altar of Xom.
  3419 | D:6      | Reached skill level 5 in Short Blades
  3467 | D:6      | Reached skill level 10 in Stealth
  3723 | D:7      | Reached *** piety under Okawaru
  3724 | D:7      | Reached XP level 9. HP: 27/57 MP: 8/12
  3918 | D:7      | Found a sand-covered staircase.
  3927 | Ossuary  | Entered an ossuary
  4374 | D:7      | Reached skill level 5 in Invocations
  4615 | D:7      | Reached **** piety under Okawaru
  4746 | D:7      | Noticed a two-headed ogre
  4753 | D:7      | Killed a two-headed ogre
  4754 | D:7      | Reached skill level 5 in Throwing
  4754 | D:7      | Reached skill level 11 in Stealth
  4754 | D:7      | Reached XP level 10. HP: 65/65 MP: 14/14
  5457 | D:8      | Reached ***** piety under Okawaru
  5701 | D:8      | Reached skill level 5 in Fighting
  5892 | D:8      | Reached skill level 5 in Dodging
  5892 | D:8      | Reached skill level 5 in Shields
  6044 | D:8      | Found a staircase to the Lair.
  6081 | D:8      | Received a gift from Okawaru
  6129 | D:8      | Reached XP level 11. HP: 54/72 MP: 15/15
  6142 | D:8      | Found Izo Qiri's Assorted Antiques.
  6152 | D:8      | Bought a scroll of teleportation for 87 gold pieces
  6152 | D:8      | Bought a sedimented brown potion for 26 gold pieces
  6152 | D:8      | Bought a curved iron wand for 116 gold pieces
  6317 | Lair:1   | Entered Level 1 of the Lair of Beasts
  6547 | Lair:1   | Received a gift from Okawaru
  7044 | Lair:2   | Killed from afar by a steam dragon

Illustrated notes

Levels and vault maps discovered:
D:1:      ebering_trefoil_3fold, layout_basic, st_stairs_14, serial_bayou_ford_a
D:2:      layout_basic, hangedman_decor_growths, minmay_close_crescents
D:3:      layout_rooms, mainiacjoe_overflow_concentric_impassable,
          mainiacjoe_overflow_paths, shapermc_ecumenical_altar_acropolis,
          chequers_serial_rivers_micro_b
D:4:      layout_basic, riverfiend_overflow_shadow_ancestor,
          minmay_temple_entry_glass, uniq_sigmund
D:5:      layout_gridville
D:6:      layout_basic, xom_teletrap_fun, uniq_duvessa
D:7:      layout_loops_ring, enter_ossuary_3, roderic_batcave
D:8:      layout_layer_cave, minmay_lair_entry_grove, serial_shops,
          nicolae_lakefront_shop, serial_ice, serial_ice_o, serial_ice_d,
          serial_ice_k, serial_ice_a
Temple:   nicolae_temple_elliptical
Lair:1:   layout_big_grid, serial_bayou_pond_a
Lair:2:   layout_gridlike, basic_altar, uniq_amaemon

Skill      XL: |  1  2  3  4  5  6  7  8  9 10 11 |
---------------+----------------------------------+-----
Stealth        | 6 7 8 9 10 11 | 11.5
Short Blades   | 3 4 5 6 7 |  7.7
Shields        | 1 3 4 5 7 |  7.5
Invocations    | 1 2 3 4 5 6 7 |  7.2
Evocations     | 1 3 4 |  4.1
Dodging        | 2 4 5 6 |  6.8
Throwing       | 3 5 6 |  6.8
Fighting       | 3 4 5 6 |  6.0

Action                     |  1- 3 |  4- 6 |  7- 9 | 10-12 || total
---------------------------+-------+-------+-------+-------++-------
  Melee: Dagger            |    64 |    76 |   258 |   259 ||   657
         Constrict         |    18 |    16 |    67 |    52 ||   153
         Tentacles         |    16 |     9 |    68 |   114 ||   207
         Punch             |       |     1 |    11 |    14 ||    26
         Short sword       |       |       |    22 |   136 ||   158
  Throw: Dart              |     5 |     2 |    13 |    30 ||    50
         Stone             |       |     5 |    48 |    20 ||    73
         Boomerang         |       |       |    15 |    16 ||    31
         Javelin           |       |       |       |     4 ||     4
 Invoke: Heroism           |       |       |     5 |     7 ||    12
         Finesse           |       |       |       |     3 ||     3
    Use: Scroll            |     2 |     7 |     4 |     1 ||    14
         Potion            |       |       |     1 |       ||     1
   Stab: Sleeping          |     7 |    18 |    40 |    14 ||    79
         Distracted        |       |       |     1 |       ||     1
 Armour: Skin              |     4 |     3 |    10 |    41 ||    58
  Dodge: Dodged            |    16 |    11 |    55 |   162 ||   244
  Block: Tower shield      |     8 |    24 |   161 |   292 ||   485
